 Dungeon Crawl Stone Soup version 0.23.1 (webtiles) character file.

Game seed: 1426246976257193312

8918 CloudKeeper the Covert (level 11, -25/96 HPs)
             Began as a Formicid Fighter on Mar 14, 2019.
             Was a Follower of Makhleb.
             Killed from afar by a tengu conjurer (26 damage)
             ... with a bolt of lightning
             ... on level 10 of the Dungeon.
             The game lasted 00:55:00 (9774 turns).

CloudKeeper the Covert (Formicid Fighter)           Turns: 9774, Time: 00:55:02

Health: -25/96     AC:  5    Str: 26    XL:     11   Next: 64%
Magic:  14/14      EV: 13    Int: 10    God:    Makhleb [*.....]
Gold:   662        SH: 11    Dex:  9    Spells: 10/10 levels left

rFire    + . .     SeeInvis +   s - +8 short sword of the Wasp {flame, +Inv rPois Str+6 Dex-3 Stlth+}
rCold    . . .     Gourm    .   c - +0 shield
rNeg     . . .     Faith    .   m - +0 troll leather armour {Purgy}
rPois    +         Spirit   .   (helmet unavailable)
rElec    .         Reflect  .   (no cloak)
rCorr    .         Harm     .   (no gloves)
MR       +....                  (no boots)
Stlth    +++++.....             l - amulet of the acrobat
HPRegen  0.66/turn              o - ring of protection from fire
MPRegen  0.14/turn              w - ring of poison resistance (curse)

@: no status effects
A: permanent stasis, dig shafts and tunnels, four strong arms, antennae 3, fangs
1, rugged brown scales 1, robust 1
a: Dig, Shaft Self, Renounce Religion, Evoke Invisibility


You were on level 10 of the Dungeon.
You worshipped Makhleb.
Makhleb was aware of your devotion.
You were not hungry.

You visited 2 branches of the dungeon, and saw 11 of its levels.
You also visited: Sewer.

You collected 662 gold pieces.

Inventory:

Hand Weapons
 a - the +8 long sword "Falilot" {drain, Int+3}
   (You took it off a kobold on level 10 of the Dungeon)

   A truly terrible weapon, it drains the life of those it strikes.
   It affects your intelligence (+3).
 h - a +1 short sword of holy wrath
 s - the +8 short sword of the Wasp (weapon) {flame, +Inv rPois Str+6 Dex-3 Stlth+}
   (You found it on level 3 of the Dungeon)

   It has been specially enchanted to burn those struck by it, causing extra
   injury to most foes and up to half again as much damage against particularly
   susceptible opponents.
   It affects your strength (+6).
   It affects your dexterity (-3).
   It protects you from poison.
   It lets you turn invisible.
   It makes you more stealthy.
Armour
 c - a +0 shield (worn)
 m - a +0 troll leather armour (worn) {Purgy}
 G - a +2 robe of resistance
Jewellery
 l - an amulet of the acrobat (around neck)
 o - a ring of protection from fire (left hand)
 u - an uncursed ring of ice
 w - a cursed ring of poison resistance (right hand)
 D - an uncursed ring of magical power
Wands
 x - a wand of clouds (8)
 z - a wand of iceblast (10)
 B - a wand of polymorph (7)
 C - a wand of acid (6)
Scrolls
 b - a scroll of enchant weapon
 i - 4 scrolls of amnesia
 k - 4 scrolls of identify
 q - a scroll of fog
 y - 4 scrolls of teleportation
 A - 3 scrolls of remove curse
Potions
 d - a potion of might
 e - a potion of magic
 g - 7 potions of heal wounds
 n - a potion of invisibility
 p - 2 potions of curing
 r - a potion of flight
Comestibles
 f - 13 rations
 t - a chunk of flesh


   Skills:
 + Level 7.7 Fighting
 * Level 8.5 Short Blades
   Level 3.7 Axes
 + Level 4.2 Armour
 + Level 5.4 Dodging
 - Level 10.6 Stealth
 + Level 8.6 Shields
 + Level 1.6 Invocations
 - Level 5.2 Evocations


You had 10 spell levels left.
You didn't know any spells.
Your spell library contained the following spells:

 Spells                   Type           Power        Failure   Level  Hunger
 Beastly Appendage        Tmut           #.....       43%         1    ##.....
 Freeze                   Ice            #...         43%         1    ##.....
 Magic Dart               Conj           #...         43%         1    ##.....
 Shock                    Conj/Air       #...         43%         1    ##.....
 Call Imp                 Summ           #.......     56%         2    ###....
 Slow                     Hex            #.......     56%         2    ###....
 Sticks to Snakes         Tmut           #.......     56%         2    ###....
 Swiftness                Chrm/Air       #.......     56%         2    ###....
 Throw Frost              Conj/Ice       #.....       56%         2    ###....
 Conjure Flame            Conj/Fire      #.......     80%         3    ####...
 Mephitic Cloud           Conj/Pois/Air  #.......     80%         3    ####...
 Ozocubu's Armour         Chrm/Ice       #.......     80%         3    ####...
 Spider Form              Tmut/Pois      #.........   80%         3    ####...
 Static Discharge         Conj/Air       #.......     80%         3    ####...
 Airstrike                Air            #.........   99%         4    #####..
 Force Lance              Conj/Tloc      #.......     99%         4    #####..
 Ice Form                 Ice/Tmut       #.......     99%         4    #####..
 Summon Ice Beast         Ice/Summ       #.......     99%         4    #####..
 Throw Icicle             Conj/Ice       #.......     99%         4    #####..
 Blade Hands              Tmut           #.........   100%        5    ######.
 Lightning Bolt           Conj/Air       #.........   100%        5    ######.
 Orb of Destruction       Conj           #.........   100%        7    #######
 Ignition                 Fire           #.........   100%        8    #######
 Blink                    Tloc           Unusable     N/A         2    N/A

Dungeon Overview and Level Annotations

Branches:
Dungeon (10/15)            Temple (1/1) D:4            Lair (0/6) D:10
    Orc: D:9-12

Altars:
Ashenzari
Dithmenos
Elyvilon
Fedhas
Gozag
Kikubaaqudgha
Makhleb
Nemelex Xobeh
Okawaru
Qazlal
Sif Muna
Trog
Uskayaw
Vehumet
Wu Jian
Xom
Yredelemnul
Zin
The Shining One

Shops:
D:7 (   D:10 [


Innate Abilities, Weirdness & Mutations

You cannot be hasted, slowed, berserked, paralysed or teleported.
You can dig through walls and to a lower floor.
Your four strong arms can wield two-handed weapons with a shield.
You have a pair of large antennae on your head. (SInv)
You have very sharp teeth.
You are partially covered in rugged brown scales. (AC +1, +3% HP)
You are robust. (+10% HP)


Message History

The tengu conjurer barely misses you. You block the tengu conjurer's attack.
The tengu conjurer claws you but does no damage.
The tengu conjurer blocks your attack.
Your bite misses the tengu conjurer.
The tengu conjurer is heavily wounded.
The tengu conjurer blocks your attack.
The tengu conjurer is heavily wounded.
The tengu conjurer hits you but does no damage.
The tengu conjurer pecks you. The tengu conjurer misses you.
You puncture the tengu conjurer! You burn the tengu conjurer.
The tengu conjurer is almost dead.
The tengu conjurer gestures at you while chanting.
The zap hits you. The zap misses you.
The battlesphere fires!
The barrage of energy hits you.
You barely miss the tengu conjurer.
The tengu conjurer is almost dead.
The tengu conjurer gestures at you while chanting.
The bolt of lightning hits you!!
* * * LOW HITPOINT WARNING * * *
The bolt of lightning hits you!!
You die...

#.................)))..######
........####......###.......#
.........###.###..# #.#####.#
.........).)....#####.# #.#
#............####PP%### #.###
##...#...#######....%# #....
##. #.........'.^.♣ ##### #
#.#.#####*#....% #.#.# #@#
.%# #.... #Q.# # #.... .....
..... ####...# ###...# #.##
#.. .# #


You could see a tengu conjurer and a battlesphere.

Vanquished Creatures
  A two-headed ogre (D:10)
  2 orc sorcerers (D:8)
  Joseph (D:7)
  A gargoyle (D:10)
  2 hornets
  A hippogriff (D:7)
  8 yaks
  Duvessa (D:5)
  3 porcupines
  Purgy (D:3)
  4 orc warriors
  4 phantoms
  3 sky beasts
  2 black bears
  A necrophage (D:6)
  2 ice beasts
  4 centaurs
  2 crocodiles (D:9)
  3 big kobolds
  5 bullfrogs
  Dowan (D:5)
  5 scorpions
  5 killer bees (D:10)
  A howler monkey (D:9)
  5 wights
  6 crimson imps
  A bullfrog zombie (D:9)
  A jelly (D:5)
  A quasit (D:10)
  9 orc wizards
  A centaur skeleton (D:10)
  2 orc priests
  2 bullfrog skeletons
  3 hounds
  3 iguanas
  7 worker ants
  2 hound skeletons (D:4)
  Robin (D:2)
  4 gnolls (D:7)
  4 river rats (Sewer)
  15 adders
  2 shadow imps
  2 oozes (Sewer)
  2 adder skeletons
  7 worms
  2 dart slugs
  3 leopard geckos
  24 orcs
  15 giant cockroaches
  10 goblins
  4 hobgoblins
  7 jackals
  19 kobolds
  5 quokkas
  4 ball pythons
  8 bats
  4 frilled lizards
  A giant cockroach zombie (D:6)
  A goblin skeleton (D:6)
  A goblin zombie (D:6)
  A hobgoblin zombie (D:6)
  2 kobold skeletons (D:6)
  3 kobold zombies (D:6)
  An orc skeleton (D:6)
  An orc zombie (D:6)
  9 rats
268 creatures vanquished.

Vanquished Creatures (others)
  32 fungi (D:10)
  17 plants (D:10)
49 creatures vanquished.

Grand Total: 317 creatures vanquished

Notes
Turn   | Place    | Note
-------+----------+-------------------------------------------
     0 | D:1      | CloudKeeper the Formicid Fighter began the quest for the
                  | Orb.
     0 | D:1      | Reached XP level 1. HP: 18/18 MP: 1/1
   102 | D:1      | Reached XP level 2. HP: 21/24 MP: 2/2
   550 | D:2      | Found a bloodstained altar of Trog.
   596 | D:2      | Found an opulent altar of Gozag.
   631 | D:2      | Reached XP level 3. HP: 29/29 MP: 3/3
   724 | D:2      | Found a sparkling altar of Nemelex Xobeh.
  1023 | D:2      | Reached XP level 4. HP: 37/37 MP: 4/4
  1150 | D:2      | Noticed Robin
  1158 | D:2      | Killed Robin
  1233 | D:2      | Reached XP level 5. HP: 36/42 MP: 5/5
  1659 | D:3      | Noticed Purgy
  1903 | D:3      | Got an ichor-stained short sword
  1915 | D:3      | Identified the +8 short sword of the Wasp {flame, +Inv
                  | rPois Str+6 Dex-3 Stlth+} (You found it on level 3 of the
                  | Dungeon)
  2063 | D:3      | Reached skill level 1 in Stealth
  2065 | D:3      | Reached skill level 1 in Short Blades
  2065 | D:3      | Reached XP level 6. HP: 34/48 MP: 6/6
  2089 | D:3      | Reached skill level 1 in Dodging
  2311 | D:3      | Killed Purgy
  2311 | D:3      | Reached skill level 2 in Stealth
  2338 | D:3      | Reached XP level 7. HP: 52/55 MP: 7/7
  2693 | D:4      | Reached skill level 3 in Stealth
  2693 | D:4      | Reached skill level 5 in Shields
  2816 | D:4      | Found a hide-covered altar of Uskayaw.
  2816 | D:4      | Noticed a +0 hand axe
  2816 | D:4      | Noticed a +0 hand axe
  2874 | D:4      | Found a staircase to the Ecumenical Temple.
  2896 | D:4      | You fall through a shaft for 3 floors!
  2897 | D:7      | Noticed Joseph
  2977 | D:6      | Found a sparkling altar of Nemelex Xobeh.
  2997 | D:6      | Reached skill level 4 in Stealth
  3007 | D:6      | Reached skill level 5 in Fighting
  3007 | D:6      | Reached XP level 8. HP: 57/62 MP: 8/8
  3033 | D:6      | Found a glowing drain.
  3051 | Sewer    | Entered a sewer
  3474 | Sewer    | Reached skill level 5 in Stealth
  3827 | D:5      | Entered Level 5 of the Dungeon
  4094 | D:5      | Reached skill level 1 in Evocations
  4209 | D:5      | Noticed Duvessa
  4209 | D:5      | Noticed Dowan
  4407 | D:5      | Gained mutation: You are partially covered in rugged brown
                  | scales. (AC +1, +3% HP) [potion of mutation]
  4407 | D:5      | Gained mutation: You are robust. (+10% HP) [potion of
                  | mutation]
  4407 | D:5      | Gained mutation: You have very sharp teeth. [potion of
                  | mutation]
  4483 | D:5      | Killed Dowan
  4483 | D:5      | Reached skill level 6 in Stealth
  4491 | D:5      | Killed Duvessa
  4491 | D:5      | Reached XP level 9. HP: 43/76 MP: 8/10
  4879 | D:6      | Found a white marble altar of Elyvilon.
  4931 | D:6      | Found a glowing golden altar of the Shining One.
  4989 | D:6      | Identified Ygulurog's Compendium of Scorching Conjuration
  5015 | D:6      | Found a shadowy altar of Dithmenos.
  5079 | D:6      | Reached skill level 5 in Short Blades
  5202 | D:6      | Reached skill level 7 in Stealth
  5822 | D:7      | Killed Joseph
  5918 | D:7      | Found Buamiust's Weapon Emporium.
  6137 | D:7      | Reached XP level 10. HP: 83/85 MP: 12/12
  6220 | D:7      | Reached skill level 8 in Stealth
  6722 | D:8      | Noticed an orc sorcerer
  6722 | D:8      | Noticed an orc sorcerer
  6723 | D:8      | Noticed an orange demon
  6971 | D:9      | Found a glowing silver altar of Zin.
  6980 | D:9      | Found a blossoming altar of Fedhas.
  7272 | D:9      | Reached skill level 9 in Stealth
  7596 | D:8      | Killed an orc sorcerer
  7757 | D:8      | Noticed an orc sorcerer
  7861 | D:8      | Killed an orc sorcerer
  8242 | Temple   | Entered the Ecumenical Temple
  8296 | Temple   | Became a worshipper of Makhleb the Destroyer
  8502 | D:10     | Entered Level 10 of the Dungeon
  8561 | D:9      | Reached XP level 11. HP: 80/94 MP: 14/14
  8604 | D:10     | Reached skill level 10 in Stealth
  8740 | D:10     | Reached skill level 5 in Dodging
  8931 | D:10     | Identified the +8 long sword "Falilot" {drain, Int+3}
  9006 | D:9      | Reached skill level 5 in Evocations
  9017 | D:9      | Reached * piety under Makhleb
  9270 | D:10     | Found a staircase to the Lair.
  9389 | D:10     | Found Piarroax's Armour Emporium.
  9399 | D:10     | Noticed a two-headed ogre
  9494 | D:10     | Found a hide-covered altar of Uskayaw.
  9646 | D:10     | Killed a two-headed ogre
  9646 | D:10     | Reached skill level 1 in Invocations
  9774 | D:10     | HP: 1/96 [tengu conjurer/bolt of lightning (32)]
  9774 | D:10     | Killed from afar by a tengu conjurer

Skill      XL: |  1  2  3  4  5  6  7  8  9 10 11 |
---------------+----------------------------------+-----
Shields        | 4 5 6 7 8 |  8.6
Axes           | 3 |  3.7
Fighting       | 4 5 6 7 |  7.7
Stealth        | 1 2 4 6 7 9 10 | 10.6
Short Blades   | 1 2 3 4 5 7 8 |  8.5
Dodging        | 1 2 3 4 5 |  5.4
Evocations     | 1 3 4 5 |  5.2
Armour         | 4 |  4.2
Invocations    | 1 |  1.6

Action                   |  1- 3 |  4- 6 |  7- 9 | 10-12 || total
-------------------------+-------+-------+-------+-------++-------
Melee: War axe           |   123 |   106 |       |       ||   229
       Short sword       |       |    43 |   344 |   301 ||   688
       Bite              |       |       |    16 |    37 ||    53
Evoke: Wand              |       |       |       |     4 ||     4
  Use: Scroll            |       |     4 |     1 |     8 ||    13
       Potion            |       |       |    11 |     1 ||    12
 Stab: Sleeping          |       |       |    21 |    11 ||    32
       Distracted        |       |       |     3 |       ||     3
  Eat: Chunk             |     1 |     4 |    13 |     8 ||    26
       Ration            |       |       |       |     1 ||     1
Armor: Scale mail        |    59 |    65 |       |       ||   124
       Troll leather arm |       |       |    30 |    30 ||    60
Dodge: Dodged            |    47 |    60 |    97 |   117 ||   321
Block: Shield            |    68 |    93 |   109 |   117 ||   387
